PHILADELPHIA vs COLORADO

Created - March-23-21 at 21:36

Goals
1 2 3 OT1 SO T
PHILADELPHIA 0 1 1 0 0 2
COLORADO 0 1 1 0 1 3
Shots
1 2 3 OT1 SO T
PHILADELPHIA 7 8 8 3 3 26
COLORADO 5 6 11 5 2 27

1st period

No Goal

Penalties :
Pavel Buchnevich (COL) for Delaying the game (Minor) at 14:07, Calvin de Haan (COL) for Holding (Minor) at 14:37, Calvin de Haan (COL) for Hooking (Minor) at 16:38

2nd period

1. PHILADELPHIA , Adam Pelech 6 (Travis Sanheim 16, Radek Faksa 12) at 3:13 (PP)
2. COLORADO , Artturi Lehkonen 9 (Mikko Koivu 11, Brandon Carlo 11) at 16:41 (PP)

Penalties :
David Pastrnak (COL) for Hooking (Minor) at 2:15, Niklas Kronwall (PHI) for Hooking (Minor) at 15:03

3rd period

3. PHILADELPHIA , Andre Burakovsky 10 (Anthony Cirelli 15, Adam Pelech 16) at 8:32
4. COLORADO , Jonas Brodin 9 (Brandon Carlo 12, Artturi Lehkonen 15) at 10:11

Penalties :
Tyler Pitlick (PHI) for Interference (Minor) at 1:03, Artturi Lehkonen (COL) for Holding (Minor) at 16:24

Overtime #1

No Goal

Penalties :
Carey Price (COL) for Slashing (Minor) at 2:10 - Dylan Larkin served the penalty.

Shootout

PHILADELPHIA, Anthony Cirelli - Stopped by Carey Price
COLORADO, David Pastrnak - Stopped by Brian Elliott
PHILADELPHIA, Jeff Skinner - Stopped by Carey Price
COLORADO, Dylan Larkin - Goal!
PHILADELPHIA, Radek Faksa - Shot Misses the Net

Penalties :
No Penalty

Goalie Stats

Brian Elliott (PHI), 25 saves from 27 shots - (0.926), OTL, 10-15-4, 65:00 minutes
Carey Price (COL), 24 saves from 26 shots - (0.923), W, 27-9-4, 65:00 minutes

Players Stats for PHILADELPHIA

Player Name              G  A  P  +/- PIM S  H  SB GA TA FO     MP     PP MP  PK MP  
------------------------------------------------------------------------------------
Adam Pelech              1  1  2   1  0   1  0  0  0  0  0/0    26:53   3:40   1:48 
Andre Burakovsky         1  0  1   1  0   3  1  0  0  0  0/0    20:07   3:58   0:56 
Andy Andreoff            0  0  0   0  0   0  1  1  0  0  0/1    14:09   0:22   0:11 
Anthony Cirelli          0  1  1   1  0   1  2  0  0  0  15/33  22:55   3:58   2:33 
Eeli Tolvanen            0  0  0   0  0   0  0  0  0  0  1/1     7:36   0:00   0:00 
Erik Gudbranson          0  0  0  -1  0   3  3  1  0  0  0/0    21:58   3:23   1:49 
Jack Hughes              0  0  0   0  0   1  0  0  0  0  3/7     7:58   0:22   0:00 
Jeff Skinner             0  0  0   1  0   1  0  1  0  0  1/3    22:52   3:58   2:30 
Lias Andersson           0  0  0   0  0   1  3  0  0  0  1/1     8:32   0:00   0:00 
Michael Stone            0  0  0  -1  0   3  2  0  0  0  0/0    21:58   3:23   1:49 
Mikko Lehtonen           0  0  0   0  0   0  6  1  0  0  0/0    14:55   0:22   0:00 
Niklas Kronwall          0  0  0   0  2   0  0  0  0  0  0/0    16:08   0:22   0:00 
Otto Koivula             0  0  0   0  0   6  1  0  0  0  2/3    15:49   0:00   0:08 
Radek Faksa              0  1  1  -1  0   0  2  0  0  0  8/22   18:18   3:05   0:56 
Travis Sanheim           0  1  1   1  0   2  1  1  0  0  0/0    25:06   3:40   1:48 
Tyler Ennis              0  0  0  -1  0   1  0  0  0  0  0/2    16:02   3:05   0:00 
Tyler Pitlick            0  0  0  -1  2   0  0  0  0  0  1/1    16:01   3:05   0:00 
Valtteri Filppula        0  0  0   0  0   3  1  0  0  0  6/13   16:03   0:22   0:00 

Players Stats for COLORADO

Player Name              G  A  P  +/- PIM S  H  SB GA TA FO     MP     PP MP  PK MP  
------------------------------------------------------------------------------------
Artturi Lehkonen         1  1  2   0  2   2  2  1  0  0  0/0    21:27   1:50   0:39 
Brandon Carlo            0  2  2   0  0   0  1  1  0  0  0/0    24:04   1:40   3:55 
Calvin de Haan           0  0  0   0  4   1  0  1  0  0  0/0    19:12   0:00   3:20 
Dan Girardi              0  0  0   0  0   0  0  0  0  0  0/0     0:34   0:00   0:34 
David Krejci             0  0  0   0  0   1  2  0  0  0  12/21  21:02   2:11   4:09 
David Pastrnak           0  0  0   0  2   8  0  0  0  0  1/2    22:28   1:34   1:08 
Dylan Larkin             0  0  0   0  0   1  1  0  0  0  16/24  21:29   1:34   1:37 
John Moore               0  0  0   0  0   0  3  1  0  0  0/0    16:18   0:00   1:42 
Jonas Brodin             1  0  1   0  0   2  1  2  0  0  0/0    23:17   1:44   3:02 
Leo Komarov              0  0  0  -1  0   0  0  0  0  0  0/2     5:03   0:00   0:00 
Mattias Janmark          0  0  0   0  0   1  0  0  0  0  0/0    12:40   0:13   0:00 
Mikko Koivu              0  1  1   1  0   3  0  0  0  0  1/3    18:59   1:50   2:27 
Nick Bjugstad            0  0  0  -1  0   0  0  0  0  0  3/6     5:03   0:00   0:00 
Pavel Buchnevich         0  0  0   0  2   3  1  0  0  0  0/0    19:05   1:34   0:00 
Ron Hainsey              0  0  0   0  0   0  1  1  0  0  0/0    24:41   1:53   5:07 
Urho Vaakanainen         0  0  0   0  0   2  3  0  0  0  0/0    17:07   0:13   1:07 
Warren Foegele           0  0  0   0  0   0  3  0  0  0  1/2    12:27   0:00   0:00 
William Karlsson         0  0  0   1  0   3  1  0  0  0  15/27  21:05   1:49   5:20 

3 Stars

1 - Adam Pelech (PHI)
2 - Artturi Lehkonen (COL)
3 - Jonas Brodin (COL)

Power Play

PHILADELPHIA - 1 on 6 Attempt(s) - 16.67%
COLORADO - 1 on 2 Attempt(s) - 50.00%

Penalty Kill

PHILADELPHIA - 1 on 2 Attempt(s) - 50.00% - Score 0 goal in Penalty Kill
COLORADO - 5 on 6 Attempt(s) - 83.33% - Score 0 goal in Penalty Kill

Team Stat

PHILADELPHIA - Hits : 23 - Faceoff Wins : 38 - Blocked Shots : 5 - Penalty Minutes : 4
COLORADO - Hits : 19 - Faceoff Wins : 49 - Blocked Shots : 7 - Penalty Minutes : 12

Official

Referees : Shaun Fletcher and Jake Brenk
Linesman : Knarf Emot and Michael Healy

Game Notes

No Game Note

Finance

Level 1 -- Attendance: 5895 (98.25%) -- Ticket Income $542,340
Level 2 -- Attendance: 3786 (75.72%) -- Ticket Income $234,732
Level 3 -- Attendance: 1741 (87.05%) -- Ticket Income $59,194
Level 4 -- Attendance: 3022 (75.55%) -- Ticket Income $66,484
Luxury Box -- Attendance: 873 (87.30%) -- Ticket Income $157,140
Game was played at the Pepsi Center.
Total Attendance: 15317 (85.09%)
Total Ticket Income: $1,059,890
Total Income: $1,059,890

PHILADELPHIA

5 vs 5 Forward 
   Center                   Left Wing                Right Wing               Time % Phy DF OF 
 1 Anthony Cirelli          Jeff Skinner             Andre Burakovsky         35     1   2  2  
 2 Radek Faksa              Tyler Ennis              Tyler Pitlick            30     1   2  2  
 3 Valtteri Filppula        Otto Koivula             Andy Andreoff            25     1   2  2  
 4 Jack Hughes              Lias Andersson           Eeli Tolvanen            10     1   2  2  

5 vs 5 Defense 
   Defense                  Defense                                           Time % Phy DF OF 
 1 Adam Pelech              Travis Sanheim                                    35     1   2  2  
 2 Erik Gudbranson          Michael Stone                                     30     1   2  2  
 3 Niklas Kronwall          Mikko Lehtonen                                    25     1   2  2  
 4 Adam Pelech              Travis Sanheim                                    10     1   2  2  

PowerPlay Forward 
   Center                   Left Wing                Right Wing               Time % Phy DF OF 
 1 Anthony Cirelli          Jeff Skinner             Andre Burakovsky         60     1   2  2  
 2 Radek Faksa              Tyler Ennis              Tyler Pitlick            40     1   2  2  

PowerPlay Defense
   Defense                  Defense                                           Time % Phy DF OF 
 1 Adam Pelech              Travis Sanheim                                    60     1   2  2  
 2 Erik Gudbranson          Michael Stone                                     40     1   2  2  

Penalty Kill 4 Players Forward 
   Center                   Wing                     Time % Phy DF OF 
 1 Anthony Cirelli          Jeff Skinner             60     1   2  2  
 2 Radek Faksa              Andre Burakovsky         40     1   2  2  

Penalty Kill 4 Players Defense
   Defense                  Defense                  Time % Phy DF OF 
 1 Adam Pelech              Travis Sanheim           60     1   2  2  
 2 Erik Gudbranson          Michael Stone            40     1   2  2  

Penalty Kill - 3 Players Forward 
   Forward                                           Time % Phy DF OF 
 1 Anthony Cirelli                                   60     1   2  2  
 2 Jeff Skinner                                      40     1   2  2  

Penalty Kill - 3 Players Defense
   Defense                  Defense                  Time % Phy DF OF 
 1 Adam Pelech              Travis Sanheim           60     1   2  2  
 2 Erik Gudbranson          Michael Stone            40     1   2  2  

4 vs 4 Forward 
   Center                   Wing                     Time % Phy DF OF 
 1 Anthony Cirelli          Jeff Skinner             60     1   2  2  
 2 Radek Faksa              Andre Burakovsky         40     1   2  2  

4 vs 4 Defense
   Defense                  Defense                  Time % Phy DF OF 
 1 Adam Pelech              Travis Sanheim           60     1   2  2  
 2 Erik Gudbranson          Michael Stone            40     1   2  2  

Last Minutes Offensive
   Center                   Left Wing                Right Wing               Defense                  Defense                  
   Anthony Cirelli          Jeff Skinner             Andre Burakovsky         Adam Pelech              Travis Sanheim           

Last Minutes Defensive
   Center                   Left Wing                Right Wing               Defense                  Defense                  
   Anthony Cirelli          Jeff Skinner             Andre Burakovsky         Adam Pelech              Travis Sanheim           

Goaltenders
Starting : Brian Elliott            
Backup : Anthony Stolarz          

Extra Forwards
Normal : Valtteri Filppula, Jack Hughes, Andy Andreoff - PP : Valtteri Filppula, Jack Hughes - PK : Andy Andreoff
Extra Defensemen
Normal : Niklas Kronwall, Mikko Lehtonen, Erik Gudbranson - PP : Niklas Kronwall - PK : Mikko Lehtonen, Erik Gudbranson
Penalty Shots
Anthony Cirelli, Jeff Skinner, Radek Faksa, Andre Burakovsky, Valtteri Filppula

Scratches
Henrik Zetterberg (Healthy), Korbinian Holzer (Left Hand Injury), Mathias Brome (Healthy), PHI Cap Hit (Suspend)

COLORADO

5 vs 5 Forward 
   Center                   Left Wing                Right Wing               Time % Phy DF OF 
 1 Dylan Larkin             David Pastrnak           Pavel Buchnevich         35     1   2  2  
 2 William Karlsson         Artturi Lehkonen         Mikko Koivu              30     1   2  2  
 3 David Krejci             Warren Foegele           Mattias Janmark          25     1   2  2  
 4 Nick Bjugstad            Leo Komarov              Artturi Lehkonen         10     1   2  2  

5 vs 5 Defense 
   Defense                  Defense                                           Time % Phy DF OF 
 1 Brandon Carlo            Jonas Brodin                                      35     1   2  2  
 2 Calvin de Haan           Ron Hainsey                                       30     1   2  2  
 3 Urho Vaakanainen         John Moore                                        25     1   2  2  
 4 Brandon Carlo            Jonas Brodin                                      10     1   2  2  

PowerPlay Forward 
   Center                   Left Wing                Right Wing               Time % Phy DF OF 
 1 Dylan Larkin             David Pastrnak           Pavel Buchnevich         60     1   2  2  
 2 William Karlsson         Artturi Lehkonen         Mikko Koivu              40     1   2  2  

PowerPlay Defense
   Defense                  Defense                                           Time % Phy DF OF 
 1 Brandon Carlo            Ron Hainsey                                       60     1   2  2  
 2 Jonas Brodin             David Krejci                                      40     1   2  2  

Penalty Kill 4 Players Forward 
   Center                   Wing                     Time % Phy DF OF 
 1 William Karlsson         David Krejci             60     1   2  2  
 2 Mikko Koivu              Artturi Lehkonen         40     1   2  2  

Penalty Kill 4 Players Defense
   Defense                  Defense                  Time % Phy DF OF 
 1 Calvin de Haan           Ron Hainsey              60     1   2  2  
 2 Jonas Brodin             Brandon Carlo            40     1   2  2  

Penalty Kill - 3 Players Forward 
   Forward                                           Time % Phy DF OF 
 1 William Karlsson                                  60     1   2  2  
 2 Dylan Larkin                                      40     1   2  2  

Penalty Kill - 3 Players Defense
   Defense                  Defense                  Time % Phy DF OF 
 1 Calvin de Haan           Ron Hainsey              60     1   2  2  
 2 Jonas Brodin             Brandon Carlo            40     1   2  2  

4 vs 4 Forward 
   Center                   Wing                     Time % Phy DF OF 
 1 David Pastrnak           Dylan Larkin             60     1   2  2  
 2 William Karlsson         David Krejci             40     1   2  2  

4 vs 4 Defense
   Defense                  Defense                  Time % Phy DF OF 
 1 Jonas Brodin             Brandon Carlo            60     1   2  2  
 2 Calvin de Haan           Ron Hainsey              40     1   2  2  

Last Minutes Offensive
   Center                   Left Wing                Right Wing               Defense                  Defense                  
   Dylan Larkin             David Pastrnak           Pavel Buchnevich         Brandon Carlo            Ron Hainsey              

Last Minutes Defensive
   Center                   Left Wing                Right Wing               Defense                  Defense                  
   Dylan Larkin             David Pastrnak           Pavel Buchnevich         Brandon Carlo            Ron Hainsey              

Goaltenders
Starting : Carey Price              
Backup : Linus Ullmark            

Extra Forwards
Normal : Dylan Larkin, David Pastrnak, David Krejci - PP : Dylan Larkin, David Pastrnak - PK : Mikko Koivu
Extra Defensemen
Normal : Brandon Carlo, Jonas Brodin, Calvin de Haan - PP : Brandon Carlo - PK : Calvin de Haan, John Moore
Penalty Shots
David Pastrnak, Dylan Larkin, William Karlsson, David Krejci, Pavel Buchnevich

Scratches
COL Cap Hit (Suspend)

% Time on Ice - PHILADELPHIA

Lines # - Real PCT - Wanted PCT - Time Play
Normal Forward
1 - 30% - 35% - 14:49
2 - 26% - 30% - 12:57
3 - 28% - 25% - 13:36
4 - 16% - 10% - 7:36
Normal Defense
1 - 34% - 35% - 16:41
2 - 32% - 30% - 15:45
3 - 30% - 25% - 14:33
4 - 4% - 10% - 1:59
PP Forward
1 - 53% - 60% - 3:58
2 - 47% - 40% - 3:27
PP Defense
1 - 54% - 60% - 4:02
2 - 46% - 40% - 3:23
PK Forward
1 - 74% - 60% - 2:41
2 - 26% - 40% - 0:56
PK Defense
1 - 50% - 60% - 1:48
2 - 50% - 40% - 1:49
PK3 Forward
1 - 0% - 60%
2 - 0% - 40%
PK3 Defense
1 - 0% - 60%
2 - 0% - 40%
44 Forward
1 - 80% - 60% - 1:35
2 - 20% - 40% - 0:24
44 Defense
1 - 49% - 60% - 0:58
2 - 51% - 40% - 1:01
Last Minute Offensive  - 0:00
Last Minute Defensive  - 0:00
Total
Forward - 61:59
Defense - 61:59

% Time on Ice - COLORADO

Lines # - Real PCT - Wanted PCT - Time Play
Normal Forward
1 - 36% - 35% - 17:32
2 - 28% - 30% - 13:56
3 - 25% - 25% - 12:27
4 - 10% - 10% - 5:03
Normal Defense
1 - 33% - 35% - 15:57
2 - 32% - 30% - 15:53
3 - 30% - 25% - 14:36
4 - 5% - 10% - 2:32
PP Forward
1 - 43% - 60% - 1:34
2 - 57% - 40% - 2:03
PP Defense
1 - 52% - 60% - 1:53
2 - 48% - 40% - 1:44
PK Forward
1 - 81% - 60% - 4:49
2 - 19% - 40% - 1:07
PK Defense
1 - 79% - 60% - 4:40
2 - 21% - 40% - 1:16
PK3 Forward
1 - 68% - 60% - 2:22
2 - 32% - 40% - 1:06
PK3 Defense
1 - 49% - 60% - 1:42
2 - 51% - 40% - 1:46
44 Forward
1 - 0% - 60%
2 - 0% - 40%
44 Defense
1 - 0% - 60%
2 - 0% - 40%
Last Minute Offensive  - 0:00
Last Minute Defensive  - 0:00
Total
Forward - 61:59
Defense - 61:59

Play-by-Play

1st period


0:01 of 1st period - Dylan Larkin wins face-off versus Anthony Cirelli in neutral zone.
0:18 of 1st period - Shot by Dylan Larkin.
0:18 of 1st period - Stopped by Brian Elliott with a rebound.
1:43 of 1st period - Icing by Erik Gudbranson.
1:44 of 1st period - William Karlsson wins face-off versus Radek Faksa in PHILADELPHIA zone.
1:52 of 1st period - Mikko Koivu is hit by Erik Gudbranson and loses puck.
2:18 of 1st period - Artturi Lehkonen is hit by Mikko Lehtonen.
2:25 of 1st period - Icing by Mikko Lehtonen.
2:26 of 1st period - David Krejci wins face-off versus Valtteri Filppula in PHILADELPHIA zone.
2:35 of 1st period - Shot by Otto Koivula.
2:35 of 1st period - Shot Blocked by John Moore.
2:37 of 1st period - Shot by Valtteri Filppula.
2:37 of 1st period - Stopped by Carey Price without a rebound.
2:38 of 1st period - Eeli Tolvanen wins face-off versus Warren Foegele in COLORADO zone.
2:50 of 1st period - Jack Hughes is hit by John Moore and loses puck.
2:55 of 1st period - Shot by Lias Andersson.
2:55 of 1st period - Stopped by Carey Price without a rebound.
2:56 of 1st period - Nick Bjugstad wins face-off versus Anthony Cirelli in COLORADO zone.
3:51 of 1st period - Shot by Otto Koivula.
3:51 of 1st period - Stopped by Carey Price without a rebound.
3:52 of 1st period - Radek Faksa wins face-off versus David Krejci in COLORADO zone.
3:58 of 1st period - Urho Vaakanainen is hit by Radek Faksa and loses puck.
4:14 of 1st period - Shot by David Krejci.
4:14 of 1st period - Deflect By Mattias Janmark.
4:14 of 1st period - Stopped by Brian Elliott with a rebound.
4:16 of 1st period - Shot by John Moore.
4:16 of 1st period - Shot Blocked by Travis Sanheim.
4:18 of 1st period - Shot by David Krejci.
4:18 of 1st period - Deflect By Warren Foegele.
4:18 of 1st period - Shot Misses the Net.
4:52 of 1st period - Shot by Valtteri Filppula.
4:52 of 1st period - Deflect By Otto Koivula.
4:52 of 1st period - Stopped by Carey Price without a rebound.
4:53 of 1st period - Dylan Larkin wins face-off versus Jack Hughes in COLORADO zone.
4:53 of 1st period - Dylan Larkin is hit by Lias Andersson.
6:38 of 1st period - John Moore is hit by Anthony Cirelli and loses puck.
7:13 of 1st period - Icing by Adam Pelech.
7:14 of 1st period - Anthony Cirelli wins face-off versus Leo Komarov in PHILADELPHIA zone.
7:18 of 1st period - Icing by Anthony Cirelli.
7:19 of 1st period - Anthony Cirelli wins face-off versus Dylan Larkin in PHILADELPHIA zone.
7:42 of 1st period - Shot by Dylan Larkin.
7:42 of 1st period - Shot Misses the Net.
8:12 of 1st period - Icing by Dylan Larkin.
8:13 of 1st period - Otto Koivula wins face-off versus Dylan Larkin in COLORADO zone.
8:46 of 1st period - Shot by William Karlsson.
8:46 of 1st period - Shot Misses the Net.
8:54 of 1st period - Shot by Mikko Koivu.
8:54 of 1st period - Shot Misses the Net.
8:56 of 1st period - Shot by Mikko Koivu.
8:56 of 1st period - Stopped by Brian Elliott without a rebound.
8:57 of 1st period - David Krejci wins face-off versus Radek Faksa in PHILADELPHIA zone.
9:01 of 1st period - Icing by Mikko Lehtonen.
9:02 of 1st period - Tyler Pitlick wins face-off versus David Krejci in PHILADELPHIA zone.
9:10 of 1st period - Icing by John Moore.
9:11 of 1st period - David Krejci wins face-off versus Jack Hughes in COLORADO zone.
9:11 of 1st period - David Krejci is hit by Lias Andersson.
9:52 of 1st period - Icing by Niklas Kronwall.
9:53 of 1st period - William Karlsson wins face-off versus Jack Hughes in PHILADELPHIA zone.
9:59 of 1st period - Artturi Lehkonen is hit by Mikko Lehtonen and loses puck.
10:17 of 1st period - Icing by Jonas Brodin.
10:18 of 1st period - William Karlsson wins face-off versus Radek Faksa in COLORADO zone.
11:04 of 1st period - Shot by Pavel Buchnevich.
11:04 of 1st period - Shot Misses the Net.
11:41 of 1st period - Off-side.
11:42 of 1st period - Anthony Cirelli wins face-off versus David Krejci in neutral zone.
11:51 of 1st period - Shot by Andre Burakovsky.
11:51 of 1st period - Shot Misses the Net.
11:53 of 1st period - Shot by Michael Stone.
11:53 of 1st period - Stopped by Carey Price without a rebound.
11:54 of 1st period - Valtteri Filppula wins face-off versus Nick Bjugstad in COLORADO zone.
11:54 of 1st period - Valtteri Filppula is hit by Brandon Carlo.
11:57 of 1st period - Andy Andreoff is hit by Jonas Brodin and loses puck.
12:04 of 1st period - Shot by Otto Koivula.
12:04 of 1st period - Stopped by Carey Price without a rebound.
12:05 of 1st period - Anthony Cirelli wins face-off versus David Krejci in COLORADO zone.
12:24 of 1st period - Shot by Andre Burakovsky.
12:24 of 1st period - Shot Misses the Net.
13:29 of 1st period - Shot by William Karlsson.
13:29 of 1st period - Stopped by Brian Elliott with a rebound.
14:05 of 1st period - Icing by Eeli Tolvanen.
14:06 of 1st period - Jack Hughes wins face-off versus Dylan Larkin in PHILADELPHIA zone.
14:06 of 1st period - Jack Hughes is hit by Pavel Buchnevich.
14:07 of 1st period - Minor Penalty to Pavel Buchnevich for Delaying the game.
14:08 of 1st period - Dylan Larkin wins face-off versus Anthony Cirelli in COLORADO zone.
14:37 of 1st period - Minor Penalty to Calvin de Haan for Holding.
14:38 of 1st period - Radek Faksa wins face-off versus William Karlsson in COLORADO zone.
15:04 of 1st period - Icing by Adam Pelech.
15:05 of 1st period - Radek Faksa wins face-off versus Dylan Larkin in PHILADELPHIA zone.
15:16 of 1st period - Shot by Radek Faksa.
15:16 of 1st period - Shot Misses the Net.
15:18 of 1st period - Shot by Adam Pelech.
15:18 of 1st period - Shot Misses the Net.
15:20 of 1st period - Shot by Adam Pelech.
15:20 of 1st period - Shot Misses the Net.
15:22 of 1st period - Shot by Radek Faksa.
15:22 of 1st period - Shot Blocked by Jonas Brodin.
16:24 of 1st period - Ron Hainsey is hit by Andre Burakovsky and loses puck.
16:38 of 1st period - Minor Penalty to Calvin de Haan for Hooking.
16:39 of 1st period - William Karlsson wins face-off versus Radek Faksa in COLORADO zone.
18:26 of 1st period - Icing by Jack Hughes.
18:27 of 1st period - Valtteri Filppula wins face-off versus William Karlsson in PHILADELPHIA zone.
18:27 of 1st period - Valtteri Filppula is hit by William Karlsson.
18:55 of 1st period - Shot by Nick Bjugstad.
18:55 of 1st period - Shot Misses the Net.
18:57 of 1st period - Shot by Artturi Lehkonen.
18:57 of 1st period - Stopped by Brian Elliott without a rebound.
18:58 of 1st period - Dylan Larkin wins face-off versus Valtteri Filppula in PHILADELPHIA zone.
19:12 of 1st period - Shot by David Pastrnak.
19:12 of 1st period - Shot Misses the Net.
19:29 of 1st period - Shot by Pavel Buchnevich.
19:29 of 1st period - Deflect By David Pastrnak.
19:29 of 1st period - Shot Misses the Net.
19:59 of 1st period - Shot by Jack Hughes.
19:59 of 1st period - Stopped by Carey Price with a rebound.
Goals for this period are 0 for PHILADELPHIA vs 0 for COLORADO.
Shots for this period are 7 for PHILADELPHIA vs 5 for COLORADO.

2nd period


0:01 of 2nd period - William Karlsson wins face-off versus Anthony Cirelli in neutral zone.
0:26 of 2nd period - Shot by Jeff Skinner.
0:26 of 2nd period - Shot Misses the Net.
1:13 of 2nd period - Shot by Tyler Ennis.
1:13 of 2nd period - Stopped by Carey Price without a rebound.
1:14 of 2nd period - Valtteri Filppula wins face-off versus Dylan Larkin in COLORADO zone.
1:20 of 2nd period - Icing by Dylan Larkin.
1:21 of 2nd period - Dylan Larkin wins face-off versus Andy Andreoff in COLORADO zone.
1:26 of 2nd period - Shot by Pavel Buchnevich.
1:26 of 2nd period - Stopped by Brian Elliott without a rebound.
1:27 of 2nd period - Dylan Larkin wins face-off versus Radek Faksa in PHILADELPHIA zone.
2:06 of 2nd period - Shot by Travis Sanheim.
2:06 of 2nd period - Shot Misses the Net.
2:15 of 2nd period - Minor Penalty to David Pastrnak for Hooking.
2:16 of 2nd period - William Karlsson wins face-off versus Anthony Cirelli in COLORADO zone.
2:37 of 2nd period - Shot by Andre Burakovsky.
2:37 of 2nd period - Shot Misses the Net.
2:39 of 2nd period - Shot by Erik Gudbranson.
2:39 of 2nd period - Stopped by Carey Price with a rebound.
2:41 of 2nd period - Shot by Anthony Cirelli.
2:41 of 2nd period - Shot Misses the Net.
2:43 of 2nd period - Shot by Erik Gudbranson.
2:43 of 2nd period - Stopped by Carey Price without a rebound.
2:44 of 2nd period - Radek Faksa wins face-off versus Mikko Koivu in COLORADO zone.
2:51 of 2nd period - Shot by Adam Pelech.
2:51 of 2nd period - Shot Blocked by Artturi Lehkonen.
3:09 of 2nd period - Shot by Travis Sanheim.
3:09 of 2nd period - Stopped by Carey Price with a rebound.
3:11 of 2nd period - Shot by Travis Sanheim.
3:11 of 2nd period - Shot Misses the Net.
3:13 of 2nd period - Shot by Adam Pelech.
3:13 of 2nd period - Goal by Adam Pelech - PHILADELPHIA : 1 - COLORADO : 0.
3:14 of 2nd period - Anthony Cirelli wins face-off versus Dylan Larkin in neutral zone.
3:20 of 2nd period - Shot by Michael Stone.
3:20 of 2nd period - Stopped by Carey Price without a rebound.
3:21 of 2nd period - Dylan Larkin wins face-off versus Jeff Skinner in COLORADO zone.
3:33 of 2nd period - Icing by Erik Gudbranson.
3:34 of 2nd period - David Krejci wins face-off versus Anthony Cirelli in PHILADELPHIA zone.
3:39 of 2nd period - Shot by Warren Foegele.
3:39 of 2nd period - Shot Misses the Net.
4:01 of 2nd period - Shot by Andre Burakovsky.
4:01 of 2nd period - Stopped by Carey Price without a rebound.
4:02 of 2nd period - Radek Faksa wins face-off versus William Karlsson in COLORADO zone.
4:23 of 2nd period - Shot by William Karlsson.
4:23 of 2nd period - Stopped by Brian Elliott without a rebound.
4:24 of 2nd period - Dylan Larkin wins face-off versus Valtteri Filppula in PHILADELPHIA zone.
4:46 of 2nd period - Icing by Niklas Kronwall.
4:47 of 2nd period - Otto Koivula wins face-off versus William Karlsson in PHILADELPHIA zone.
4:47 of 2nd period - Otto Koivula is hit by Artturi Lehkonen.
5:09 of 2nd period - Shot by Mikko Lehtonen.
5:09 of 2nd period - Shot Misses the Net.
5:21 of 2nd period - Shot by Mikko Koivu.
5:21 of 2nd period - Shot Misses the Net.
5:50 of 2nd period - Jeff Skinner is hit by Warren Foegele and loses puck.
5:57 of 2nd period - Shot by Mattias Janmark.
5:57 of 2nd period - Deflect By David Krejci.
5:57 of 2nd period - Stopped by Brian Elliott without a rebound.
5:58 of 2nd period - Dylan Larkin wins face-off versus Tyler Ennis in PHILADELPHIA zone.
5:58 of 2nd period - Dylan Larkin is hit by Erik Gudbranson.
7:12 of 2nd period - Ron Hainsey is hit by Valtteri Filppula.
8:00 of 2nd period - Shot by William Karlsson.
8:00 of 2nd period - Shot Misses the Net.
8:13 of 2nd period - William Karlsson is hit by Mikko Lehtonen and loses puck.
8:33 of 2nd period - Anthony Cirelli is hit by Urho Vaakanainen and loses puck.
9:22 of 2nd period - Icing by Anthony Cirelli.
9:23 of 2nd period - Nick Bjugstad wins face-off versus Anthony Cirelli in PHILADELPHIA zone.
9:47 of 2nd period - Icing by Artturi Lehkonen.
9:48 of 2nd period - Jack Hughes wins face-off versus Nick Bjugstad in COLORADO zone.
10:06 of 2nd period - Ron Hainsey is hit by Lias Andersson and loses puck.
10:39 of 2nd period - Shot by Jonas Brodin.
10:39 of 2nd period - Shot Misses the Net.
11:11 of 2nd period - Icing by Dylan Larkin.
11:12 of 2nd period - Dylan Larkin wins face-off versus Anthony Cirelli in COLORADO zone.
11:29 of 2nd period - Shot by David Pastrnak.
11:29 of 2nd period - Stopped by Brian Elliott without a rebound.
11:30 of 2nd period - William Karlsson wins face-off versus Valtteri Filppula in PHILADELPHIA zone.
11:30 of 2nd period - Ron Hainsey is hit by Mikko Lehtonen and loses puck.
11:44 of 2nd period - Otto Koivula is hit by Ron Hainsey and loses puck.
11:57 of 2nd period - Shot by Otto Koivula.
11:57 of 2nd period - Stopped by Carey Price without a rebound.
11:58 of 2nd period - Dylan Larkin wins face-off versus Radek Faksa in COLORADO zone.
12:52 of 2nd period - Erik Gudbranson is hit by John Moore and loses puck.
13:03 of 2nd period - Travis Sanheim is hit by Warren Foegele and loses puck.
13:23 of 2nd period - Anthony Cirelli is hit by Urho Vaakanainen and loses puck.
14:06 of 2nd period - Shot by Mikko Koivu.
14:06 of 2nd period - Stopped by Brian Elliott with a rebound.
14:08 of 2nd period - Shot by William Karlsson.
14:08 of 2nd period - Shot Blocked by Mikko Lehtonen.
14:42 of 2nd period - Shot by Dylan Larkin.
14:42 of 2nd period - Shot Misses the Net.
14:44 of 2nd period - Shot by Dylan Larkin.
14:44 of 2nd period - Shot Blocked by Andy Andreoff.
14:46 of 2nd period - Shot by Jonas Brodin.
14:46 of 2nd period - Shot Misses the Net.
15:03 of 2nd period - Minor Penalty to Niklas Kronwall for Hooking.
15:04 of 2nd period - Anthony Cirelli wins face-off versus William Karlsson in PHILADELPHIA zone.
15:29 of 2nd period - Shot by William Karlsson.
15:29 of 2nd period - Deflect By Mikko Koivu.
15:29 of 2nd period - Shot Blocked by Jeff Skinner.
16:27 of 2nd period - Off-side.
16:28 of 2nd period - David Krejci wins face-off versus Anthony Cirelli in neutral zone.
16:37 of 2nd period - Shot by Mikko Koivu.
16:37 of 2nd period - Shot Misses the Net.
16:41 of 2nd period - Shot by Artturi Lehkonen.
16:41 of 2nd period - Goal by Artturi Lehkonen - PHILADELPHIA : 1 - COLORADO : 1.
16:42 of 2nd period - Jack Hughes wins face-off versus Nick Bjugstad in neutral zone.
17:10 of 2nd period - Shot by Jack Hughes.
17:10 of 2nd period - Shot Misses the Net.
17:38 of 2nd period - Shot by Ron Hainsey.
17:38 of 2nd period - Deflect By David Krejci.
17:38 of 2nd period - Shot Misses the Net.
17:40 of 2nd period - Shot by Warren Foegele.
17:40 of 2nd period - Shot Misses the Net.
18:31 of 2nd period - Off-side.
18:32 of 2nd period - Anthony Cirelli wins face-off versus William Karlsson in neutral zone.
18:42 of 2nd period - Jeff Skinner is hit by John Moore and loses puck.
Goals for this period are 1 for PHILADELPHIA vs 1 for COLORADO.
Shots for this period are 8 for PHILADELPHIA vs 6 for COLORADO.

3rd period


0:01 of 3rd period - Anthony Cirelli wins face-off versus William Karlsson in neutral zone.
0:35 of 3rd period - William Karlsson is hit by Michael Stone and loses puck.
1:00 of 3rd period - Shot by Travis Sanheim.
1:00 of 3rd period - Shot Misses the Net.
1:03 of 3rd period - Minor Penalty to Tyler Pitlick for Interference.
1:04 of 3rd period - Dylan Larkin wins face-off versus Anthony Cirelli in PHILADELPHIA zone.
1:30 of 3rd period - Icing by David Pastrnak.
1:31 of 3rd period - Anthony Cirelli wins face-off versus Dylan Larkin in COLORADO zone.
1:40 of 3rd period - Shot by Anthony Cirelli.
1:40 of 3rd period - Stopped by Carey Price without a rebound.
1:41 of 3rd period - William Karlsson wins face-off versus Jeff Skinner in COLORADO zone.
2:06 of 3rd period - Shot by William Karlsson.
2:06 of 3rd period - Stopped by Brian Elliott without a rebound.
2:07 of 3rd period - Radek Faksa wins face-off versus Dylan Larkin in PHILADELPHIA zone.
2:20 of 3rd period - Shot by David Pastrnak.
2:20 of 3rd period - Shot Hit the Post.
2:22 of 3rd period - Shot by Pavel Buchnevich.
2:22 of 3rd period - Stopped by Brian Elliott without a rebound.
2:23 of 3rd period - David Pastrnak wins face-off versus Radek Faksa in PHILADELPHIA zone.
2:24 of 3rd period - Shot by Jonas Brodin.
2:24 of 3rd period - Shot Misses the Net.
2:26 of 3rd period - Shot by Jonas Brodin.
2:26 of 3rd period - Shot Misses the Net.
2:28 of 3rd period - Shot by Jonas Brodin.
2:28 of 3rd period - Shot Misses the Net.
2:30 of 3rd period - Shot by Jonas Brodin.
2:30 of 3rd period - Stopped by Brian Elliott without a rebound.
2:31 of 3rd period - Anthony Cirelli wins face-off versus William Karlsson in PHILADELPHIA zone.
2:58 of 3rd period - Shot by William Karlsson.
2:58 of 3rd period - Shot Misses the Net.
3:21 of 3rd period - Shot by Calvin de Haan.
3:21 of 3rd period - Shot Misses the Net.
3:23 of 3rd period - Shot by Calvin de Haan.
3:23 of 3rd period - Shot Misses the Net.
3:25 of 3rd period - Shot by Ron Hainsey.
3:25 of 3rd period - Shot Hit the Post.
3:27 of 3rd period - Shot by Calvin de Haan.
3:27 of 3rd period - Stopped by Brian Elliott without a rebound.
3:28 of 3rd period - Valtteri Filppula wins face-off versus David Krejci in PHILADELPHIA zone.
3:41 of 3rd period - Shot by Valtteri Filppula.
3:41 of 3rd period - Shot Misses the Net.
3:43 of 3rd period - Shot by Otto Koivula.
3:43 of 3rd period - Stopped by Carey Price without a rebound.
3:44 of 3rd period - William Karlsson wins face-off versus Jack Hughes in COLORADO zone.
4:18 of 3rd period - Artturi Lehkonen is hit by Michael Stone.
4:34 of 3rd period - Shot by Dylan Larkin.
4:34 of 3rd period - Shot Misses the Net.
4:40 of 3rd period - Shot by Calvin de Haan.
4:40 of 3rd period - Shot Misses the Net.
4:42 of 3rd period - Shot by Dylan Larkin.
4:42 of 3rd period - Shot Blocked by Erik Gudbranson.
4:52 of 3rd period - Shot by David Pastrnak.
4:52 of 3rd period - Stopped by Brian Elliott without a rebound.
4:53 of 3rd period - Anthony Cirelli wins face-off versus David Krejci in PHILADELPHIA zone.
4:53 of 3rd period - Anthony Cirelli is hit by Warren Foegele.
4:58 of 3rd period - Icing by Travis Sanheim.
4:59 of 3rd period - David Krejci wins face-off versus Anthony Cirelli in PHILADELPHIA zone.
4:59 of 3rd period - John Moore is hit by Travis Sanheim and loses puck.
6:02 of 3rd period - Shot by Dylan Larkin.
6:02 of 3rd period - Shot Misses the Net.
6:25 of 3rd period - David Pastrnak is hit by Mikko Lehtonen.
6:36 of 3rd period - William Karlsson is hit by Mikko Lehtonen and loses puck.
7:27 of 3rd period - Shot by Otto Koivula.
7:27 of 3rd period - Stopped by Carey Price with a rebound.
7:57 of 3rd period - Jonas Brodin is hit by Andy Andreoff and loses puck.
8:01 of 3rd period - Icing by Jonas Brodin.
8:02 of 3rd period - Jeff Skinner wins face-off versus Leo Komarov in COLORADO zone.
8:28 of 3rd period - Shot by Anthony Cirelli.
8:28 of 3rd period - Shot Misses the Net.
8:30 of 3rd period - Shot by Anthony Cirelli.
8:30 of 3rd period - Shot Blocked by Brandon Carlo.
8:32 of 3rd period - Shot by Andre Burakovsky.
8:32 of 3rd period - Goal by Andre Burakovsky - PHILADELPHIA : 2 - COLORADO : 1.
8:33 of 3rd period - Dylan Larkin wins face-off versus Radek Faksa in neutral zone.
8:42 of 3rd period - Off-side.
8:43 of 3rd period - Lias Andersson wins face-off versus David Krejci in neutral zone.
8:53 of 3rd period - Eeli Tolvanen is hit by David Krejci.
9:03 of 3rd period - Shot by Lias Andersson.
9:03 of 3rd period - Deflect By Jack Hughes.
9:03 of 3rd period - Shot Misses the Net.
9:05 of 3rd period - Shot by Lias Andersson.
9:05 of 3rd period - Shot Misses the Net.
9:07 of 3rd period - Shot by Lias Andersson.
9:07 of 3rd period - Shot Misses the Net.
9:41 of 3rd period - Calvin de Haan is hit by Anthony Cirelli and loses puck.
9:50 of 3rd period - Shot by Jeff Skinner.
9:50 of 3rd period - Stopped by Carey Price without a rebound.
9:51 of 3rd period - William Karlsson wins face-off versus Tyler Ennis in COLORADO zone.
10:05 of 3rd period - Shot by Artturi Lehkonen.
10:05 of 3rd period - Shot Misses the Net.
10:07 of 3rd period - Shot by Artturi Lehkonen.
10:07 of 3rd period - Shot Misses the Net.
10:11 of 3rd period - Shot by Jonas Brodin.
10:11 of 3rd period - Goal by Jonas Brodin - PHILADELPHIA : 2 - COLORADO : 2.
10:12 of 3rd period - Dylan Larkin wins face-off versus Otto Koivula in neutral zone.
10:33 of 3rd period - Shot by Dylan Larkin.
10:33 of 3rd period - Shot Misses the Net.
10:35 of 3rd period - Shot by Calvin de Haan.
10:35 of 3rd period - Shot Hit the Post.
12:29 of 3rd period - Icing by Adam Pelech.
12:30 of 3rd period - Valtteri Filppula wins face-off versus David Pastrnak in PHILADELPHIA zone.
12:44 of 3rd period - Icing by David Pastrnak.
12:45 of 3rd period - Dylan Larkin wins face-off versus Anthony Cirelli in COLORADO zone.
13:45 of 3rd period - Icing by Tyler Pitlick.
13:46 of 3rd period - William Karlsson wins face-off versus Radek Faksa in PHILADELPHIA zone.
14:45 of 3rd period - Jack Hughes is hit by Urho Vaakanainen and loses puck.
14:59 of 3rd period - Icing by Mattias Janmark.
15:00 of 3rd period - Warren Foegele wins face-off versus Anthony Cirelli in COLORADO zone.
15:08 of 3rd period - Off-side.
15:09 of 3rd period - Dylan Larkin wins face-off versus Anthony Cirelli in neutral zone.
15:30 of 3rd period - Shot by Andre Burakovsky.
15:30 of 3rd period - Deflect By Jeff Skinner.
15:30 of 3rd period - Shot Blocked by Calvin de Haan.
15:38 of 3rd period - Anthony Cirelli is hit by Dylan Larkin and loses puck.
15:45 of 3rd period - Shot by David Pastrnak.
15:45 of 3rd period - Stopped by Brian Elliott without a rebound.
15:46 of 3rd period - Radek Faksa wins face-off versus William Karlsson in PHILADELPHIA zone.
15:46 of 3rd period - Radek Faksa is hit by Artturi Lehkonen.
15:55 of 3rd period - Icing by Michael Stone.
15:56 of 3rd period - David Krejci wins face-off versus Radek Faksa in PHILADELPHIA zone.
16:08 of 3rd period - Icing by Erik Gudbranson.
16:09 of 3rd period - William Karlsson wins face-off versus Radek Faksa in PHILADELPHIA zone.
16:24 of 3rd period - Minor Penalty to Artturi Lehkonen for Holding.
16:25 of 3rd period - William Karlsson wins face-off versus Anthony Cirelli in COLORADO zone.
16:30 of 3rd period - Jeff Skinner is hit by David Krejci and loses puck.
17:04 of 3rd period - Shot by Andre Burakovsky.
17:04 of 3rd period - Stopped by Carey Price without a rebound.
17:05 of 3rd period - Radek Faksa wins face-off versus William Karlsson in COLORADO zone.
17:10 of 3rd period - Shot by Radek Faksa.
17:10 of 3rd period - Shot Blocked by Ron Hainsey.
17:12 of 3rd period - Shot by Michael Stone.
17:12 of 3rd period - Stopped by Carey Price with a rebound.
17:20 of 3rd period - Shot by Erik Gudbranson.
17:20 of 3rd period - Shot Misses the Net.
17:22 of 3rd period - Shot by Erik Gudbranson.
17:22 of 3rd period - Shot Misses the Net.
18:03 of 3rd period - Shot by Travis Sanheim.
18:03 of 3rd period - Stopped by Carey Price without a rebound.
18:04 of 3rd period - Anthony Cirelli wins face-off versus Mikko Koivu in COLORADO zone.
18:51 of 3rd period - Icing by Artturi Lehkonen.
18:52 of 3rd period - Nick Bjugstad wins face-off versus Radek Faksa in COLORADO zone.
18:52 of 3rd period - Nick Bjugstad is hit by Radek Faksa.
19:21 of 3rd period - Shot by Pavel Buchnevich.
19:21 of 3rd period - Stopped by Brian Elliott with a rebound.
19:26 of 3rd period - David Pastrnak is hit by Erik Gudbranson and loses puck.
19:31 of 3rd period - Shot by David Pastrnak.
19:31 of 3rd period - Stopped by Brian Elliott with a rebound.
19:35 of 3rd period - Shot by Dylan Larkin.
19:35 of 3rd period - Deflect By David Pastrnak.
19:35 of 3rd period - Stopped by Brian Elliott with a rebound.
19:45 of 3rd period - Shot by David Pastrnak.
19:45 of 3rd period - Stopped by Brian Elliott without a rebound.
19:46 of 3rd period - Anthony Cirelli wins face-off versus David Krejci in PHILADELPHIA zone.
19:48 of 3rd period - Icing by Andre Burakovsky.
19:49 of 3rd period - David Krejci wins face-off versus Anthony Cirelli in PHILADELPHIA zone.
Goals for this period are 1 for PHILADELPHIA vs 1 for COLORADO.
Shots for this period are 8 for PHILADELPHIA vs 11 for COLORADO.

Overtime #1


0:01 of 1st overtime period - Valtteri Filppula wins face-off versus David Krejci in neutral zone.
0:05 of 1st overtime period - Shot by Valtteri Filppula.
0:05 of 1st overtime period - Stopped by Carey Price without a rebound.
0:06 of 1st overtime period - David Krejci wins face-off versus Valtteri Filppula in COLORADO zone.
0:06 of 1st overtime period - David Krejci is hit by Otto Koivula.
0:26 of 1st overtime period - Shot by David Pastrnak.
0:26 of 1st overtime period - Shot Misses the Net.
1:08 of 1st overtime period - Shot by Dylan Larkin.
1:08 of 1st overtime period - Shot Misses the Net.
1:10 of 1st overtime period - Shot by Urho Vaakanainen.
1:10 of 1st overtime period - Stopped by Brian Elliott with a rebound.
1:12 of 1st overtime period - Shot by Urho Vaakanainen.
1:12 of 1st overtime period - Stopped by Brian Elliott without a rebound.
1:13 of 1st overtime period - David Krejci wins face-off versus Radek Faksa in PHILADELPHIA zone.
1:22 of 1st overtime period - Shot by David Pastrnak.
1:22 of 1st overtime period - Stopped by Brian Elliott with a rebound.
2:08 of 1st overtime period - Shot by Valtteri Filppula.
2:08 of 1st overtime period - Shot Misses the Net.
2:10 of 1st overtime period - Shot by Valtteri Filppula.
2:10 of 1st overtime period - Stopped by Carey Price without a rebound.
2:10 of 1st overtime period - Minor Penalty to Carey Price for Slashing.
2:11 of 1st overtime period - Anthony Cirelli wins face-off versus William Karlsson in COLORADO zone.
2:16 of 1st overtime period - Shot by Jeff Skinner.
2:16 of 1st overtime period - Shot Misses the Net.
2:28 of 1st overtime period - Shot by Jeff Skinner.
2:28 of 1st overtime period - Shot Blocked by Jonas Brodin.
2:30 of 1st overtime period - Shot by Erik Gudbranson.
2:30 of 1st overtime period - Stopped by Carey Price without a rebound.
2:31 of 1st overtime period - Anthony Cirelli wins face-off versus William Karlsson in COLORADO zone.
2:40 of 1st overtime period - Shot by Jeff Skinner.
2:40 of 1st overtime period - Shot Misses the Net.
3:15 of 1st overtime period - Icing by Travis Sanheim.
3:16 of 1st overtime period - Mikko Koivu wins face-off versus Radek Faksa in PHILADELPHIA zone.
3:21 of 1st overtime period - Shot by Mikko Koivu.
3:21 of 1st overtime period - Stopped by Brian Elliott without a rebound.
3:22 of 1st overtime period - William Karlsson wins face-off versus Anthony Cirelli in PHILADELPHIA zone.
3:30 of 1st overtime period - Icing by Adam Pelech.
3:31 of 1st overtime period - William Karlsson wins face-off versus Anthony Cirelli in PHILADELPHIA zone.
4:28 of 1st overtime period - Shot by David Pastrnak.
4:28 of 1st overtime period - Stopped by Brian Elliott without a rebound.
4:29 of 1st overtime period - David Krejci wins face-off versus Valtteri Filppula in PHILADELPHIA zone.
4:50 of 1st overtime period - Shot by David Pastrnak.
4:50 of 1st overtime period - Shot Misses the Net.
4:57 of 1st overtime period - Off-side.
4:58 of 1st overtime period - David Krejci wins face-off versus Valtteri Filppula in neutral zone.
Goals for this period are 0 for PHILADELPHIA vs 0 for COLORADO.
Shots for this period are 3 for PHILADELPHIA vs 5 for COLORADO.

ShootOut


5:00 of 1st overtime period - Round #1.
5:00 of 1st overtime period - PHILADELPHIA, Anthony Cirelli.
5:00 of 1st overtime period - Stopped by Carey Price.
5:00 of 1st overtime period - COLORADO, David Pastrnak.
5:00 of 1st overtime period - Stopped by Brian Elliott.
5:00 of 1st overtime period - Round #2.
5:00 of 1st overtime period - PHILADELPHIA, Jeff Skinner.
5:00 of 1st overtime period - Stopped by Carey Price.
5:00 of 1st overtime period - COLORADO, Dylan Larkin.
5:00 of 1st overtime period - Goal by Dylan Larkin.
5:00 of 1st overtime period - Round #3.
5:00 of 1st overtime period - PHILADELPHIA, Radek Faksa.
5:00 of 1st overtime period - Shot Misses the Net.